cohdb
Replays
Latest Replays
All Replays
Popular Replays
Top Player Replays
Match Explorer
How It Works
Community
CoH3 Stats
Reddit
Sign in to upload your games and track your stats! →
Sign in with Steam
Match 42082978
Unlisted
Match 42082978
Overview
Messages
Build Orders
End
Construct Infanterie Kompanie
Kettenkrad Recon Vehicle
Grenadier Squad
GrW 34 Mortar Team
Grenadier Squad
MG 42 Machine Gun Team
Construct Panzergrenadier Kompanie
Selects Mechanized Battlegroup
Selects Mobile Repair Stations
Support Elements
Medical Bunker
Selects Wespe Self-propelled Artillery
Wespe Self-propelled Artillery
Pak 40 Anti-tank Gun Team
Medical Bunker
StuG III G Assault Gun
Kettenkrad Recon Vehicle
MG 42 Machine Gun Team
Wespe Self-propelled Artillery
StuG III G Assault Gun
Selects Raid Package
Selects StuG Assault Group
Selects UNKNOWN (2160084)
StuG III G Assault Gun
Panzergrenadier Squad
Panzergrenadier Officer Quarters
Panzergrenadier Squad
Hepa
SchrankWand3
Feichti [A&O]
STALKER4732
ezh
kit.ohume
0
0
Comments
sign in to comment!
No comments posted yet!